 Dungeon Crawl Stone Soup version 0.26.0-90-g5fd8617961 (webtiles) character file.

Game seed: 7035381800846305900

144 Gadfly the Cudgeller (level 5, 0/50 HPs)
             Began as an Ogre Gladiator on Feb 2, 2021.
             Slain by an orc
             ... wielding a +0 short sword
              (5 damage)
             ... on level 3 of the Dungeon.
             The game lasted 00:04:40 (3787 turns).

Gadfly the Cudgeller (Ogre Gladiator)               Turns: 3787, Time: 00:04:40

Health: 0/50       AC:  3    Str: 19    XL:     5   Next: 26%
Magic:  6/6        EV: 25    Int:  9    God:
Gold:   124        SH:  0    Dex: 10    Spells: 4/4 levels left

rFire    . . .     SeeInvis .   a - +0 flail
rCold    . . .     Faith    .   (no shield)
rNeg     . . .     Spirit   .   b - +0 robe
rPois    .         Reflect  .   c - +0 hat
rElec    .         Harm     .   (no cloak)
rCorr    .         Rampage  .   (gloves unavailable)
Will     .....                  (boots unavailable)
Stlth    +.........             g - amulet of the acrobat
HPRegen  0.16/turn              (no ring)
MPRegen  0.10/turn              (no ring)

@: acrobat
A: large, unfitting armour, tough skin 1
a: no special abilities


You were on level 3 of the Dungeon.
You visited 1 branch of the dungeon, and saw 3 of its levels.

You collected 124 gold pieces.

Inventory:

Hand Weapons
 a - a +0 flail (weapon)
Missiles
 d - 3 throwing nets
 h - 134 stones (quivered)
Armour
 b - a +0 robe (worn)
 c - a +0 hat (worn)
Jewellery
 g - an amulet of the acrobat (around neck)
 k - a cursed amulet of guardian spirit {unknown}
Scrolls
 i - 2 scrolls of teleportation
 j - 2 scrolls of remove curse {unknown}
Potions
 e - a potion of resistance
 f - a potion of attraction {unknown}
 l - a potion of heal wounds {unknown}


   Skills:
 - Level 2.6 Fighting
 + Level 3.1 Maces & Flails
 + Level 2.6 Throwing
 * Level 1.7 Armour
 - Level 2.6 Dodging
 * Level 2.3 Invocations
 * Level 1.7 Evocations


You had 4 spell levels left.
You didn't know any spells.
Your spell library was empty.

Dungeon Overview and Level Annotations

Branches:
Dungeon (3/15)

Altars:
Fedhas


Innate Abilities, Weirdness & Mutations

You are too large for most types of armour.
You have tough skin. (AC +1)


Message History

The orc priest invokes the aid of Beogh against you.
Beogh smites you! The orc hits you with a +0 dagger.
The orc hits you but does no damage.
You closely miss the orc.
The orc is almost dead.
The orc hits you with a +0 dagger. The orc hits you with a +0 short sword.
The orc priest mumbles some strange prayers to Beogh against you.
Beogh smites you!
* * * LOW HITPOINT WARNING * * *
You are too injured to fight recklessly!
You are too injured to fight recklessly!
You are too injured to fight recklessly!
You are too injured to fight recklessly!
You are too injured to fight recklessly!
You are too injured to fight recklessly!
You are too injured to fight recklessly!
You are too injured to fight recklessly!
Unknown command.
The orc hits you with a +0 short sword.
You die...

....# #.....# ....#
####....#### ....+
#..........# ....#
#..........# ....#
#.....oo...# ....#
#.....oKg..# #####
##...##.#########
########'##oo.......#
#...........@<......#
#...................#
#...................#
#
#..........##.#######
# #..........'..# #
#..........#### #
#..........# ###
+..........#
..#+#..........######


You could see an orc priest, 4 orcs and a kobold.

Vanquished Creatures
  An orc wizard (D:3)
  4 adders
  2 worms
  A dart slug (D:3)
  8 orcs
  A ball python (D:1)
  3 bats
  2 giant cockroaches
  8 goblins
  6 hobgoblins
  12 kobolds
  2 quokkas
  6 frilled lizards
  14 rats
70 creatures vanquished.

Notes
Turn   | Place    | Note
-------+----------+-------------------------------------------
     0 | D:1      | Gadfly the Ogre Gladiator began the quest for the Orb.
     0 | D:1      | Reached XP level 1. HP: 22/22 MP: 1/1
   229 | D:1      | Reached XP level 2. HP: 22/29 MP: 2/2
   393 | D:1      | Reached skill level 1 in Invocations
  1147 | D:2      | Reached XP level 3. HP: 36/36 MP: 3/3
  1158 | D:2      | Reached skill level 1 in Evocations
  1159 | D:2      | Reached skill level 1 in Armour
  1364 | D:2      | Found a blossoming altar of Fedhas.
  1891 | D:2      | Reached XP level 4. HP: 27/44 MP: 5/5
  2606 | D:3      | Reached skill level 3 in Maces & Flails
  2627 | D:3      | Reached XP level 5. HP: 27/50 MP: 6/6
  3787 | D:3      | Slain by an orc

Illustrated notes

Levels and vault maps discovered:
D:1:      heliophobic_arrival_battle_scene, layout_loops_ring
D:2:      layout_rooms, minmay_hexomino_r4
D:3:      layout_basic

Skill      XL: |  1  2  3  4 |
---------------+-------------+-----
Invocations    | 1 2 |  2.3
Evocations     | 1 |  1.7
Armour         | 1 |  1.7
Maces & Flails | 3 |  3.1
Fighting       | |  2.6
Throwing       | |  2.6
Dodging        | |  2.6

Action                   |  1- 3 |  4- 6 || total
-------------------------+-------+-------++-------
Melee: Flail             |   106 |   131 ||   237
Throw: Throwing net      |     1 |       ||     1
       Stone             |     9 |    30 ||    39
  Use: Scroll            |     4 |     2 ||     6
Armor: Robe              |    23 |    25 ||    48
Dodge: Dodged            |    67 |    87 ||   154
